SA
SYRACUSE STORM @ PUT-IN-BAY BC
05/18/2026
 
TOP OF THE 1ST
Syracuse Storm batting - Pitching for Put-In-Bay BC : LHP Chiel Abspoel
Pitching: LHP Chiel Abspoel
Batting: LHB William Duffy 0-0: Ball
1-0: Fly out, F5 (Popup, 56S)
Batting: RHB Phil Sherman 0-0: SINGLE (Groundball, 56D)
Batting: RHB Vito Middendorf 0-0: SINGLE (Groundball, 4MD)
Phil Sherman to second
Batting: LHB José Trejo 0-0: Ball
1-0: Ball
2-0: Called Strike
2-1: Foul Ball, location: 2F
2-2: Foul Ball, location: 2F
2-2: Foul Ball, location: 2F
2-2: Foul Ball, location: 2F
2-2: Fielders Choice at 2nd, 3-6 (Groundball, 34)
Phil Sherman to third
Batting: LHB Phil MacNamara 0-0: Called Strike
0-1: Foul Ball, location: 2F
0-2: Ball
1-2: Foul Ball, location: 2F
1-2: Foul Ball, location: 2F
1-2: Fly out, F7 (Flyball, 7)
Top of the 1st over - 0 run(s), 2 hit(s), 0 error(s), 2 left on base; Syracuse 0 - Put-In-Bay 0
BOTTOM OF THE 1ST
Put-In-Bay BC batting - Pitching for Syracuse Storm : RHP Ryan Dull
Pitching: RHP Ryan Dull
Batting: LHB Tural Bishara 0-0: Ball
1-0: Called Strike
1-1: Foul Ball, location: 2F
1-2: Ball
2-2: Foul Ball, location: 2F
2-2: Foul Ball, location: 2F
2-2: Ball
3-2: SINGLE (Flyball, 89S)
Batting: RHB Angus Watts 0-0: Ball
1-0: Called Strike
1-1: Ball
2-1: Fielders Choice at 2nd, 6-4 (Groundball, 6)
Batting: RHB Steve Koch 0-0: Ball
1-0: SINGLE (Groundball, 6MD)
Angus Watts to second
Batting: RHB Peter Heard 0-0: Foul Ball, location: 2F
0-1: Ball
1-1: Called Strike
1-2: Ball
2-2: Ground out 6-3 (Groundball, 6S)
Angus Watts to third
Steve Koch to second
Batting: SHB Raul Cate 0-0: Ball
1-0: Ball
2-0: Ball
3-0: Called Strike
3-1: Base on Balls
Batting: RHB Lou Lumsden 0-0: Fly out, F9 (Flyball, 9S)
Bottom of the 1st over - 0 run(s), 2 hit(s), 0 error(s), 3 left on base; Syracuse 0 - Put-In-Bay 0
TOP OF THE 2ND
Syracuse Storm batting - Pitching for Put-In-Bay BC : LHP Chiel Abspoel
Batting: RHB Jerry Bowen 0-0: Ball
1-0: Ball
2-0: Foul Ball, location: 2F
2-1: SINGLE (Line Drive, 7LS)
Batting: SHB Lúcio Gonzáles 0-0: Called Strike
0-1: Ball
1-1: Ball
2-1: Ball
3-1: Base on Balls
Jerry Bowen to second
Batting: LHB Ricardo Ríos 0-0: Swinging Strike
0-1: Ball
1-1: Foul Ball, location: 2F
1-2: Ball
2-2: Ball
3-2: Strikes out swinging
Batting: RHB Tyrell Wellick 0-0: Ball
1-0: Foul Ball, location: 2F
1-1: SINGLE (Groundball, 6MD)
Jerry Bowen to third
Lúcio Gonzáles to second
Batting: LHB William Duffy 0-0: Called Strike
0-1: Swinging Strike
0-2: Foul Ball, location: 2F
0-2: Strikes out looking
Batting: RHB Phil Sherman 0-0: SINGLE (Line Drive, 56)
Jerry Bowen scores
Lúcio Gonzáles to third
Tyrell Wellick to second
Batting: RHB Vito Middendorf 0-0: Called Strike
0-1: Ball
1-1: Ground out 1-3 (Groundball, 15)
Top of the 2nd over - 1 run(s), 3 hit(s), 0 error(s), 3 left on base; Syracuse 1 - Put-In-Bay 0
BOTTOM OF THE 2ND
Put-In-Bay BC batting - Pitching for Syracuse Storm : RHP Ryan Dull
Batting: LHB Francisco Alfaro 0-0: Ball
1-0: Ball
2-0: Called Strike
2-1: Ground out 3-1 (Groundball, 34)
Batting: RHB Manuel Rosales 0-0: Called Strike
0-1: Ball
1-1: Ground out 6-3 (Groundball, 6)
Batting: RHB Ryan French 0-0: SINGLE (Line Drive, 4)
Batting: LHB Tural Bishara 0-0: Fly out, F8 (Line Drive, 78S)
Bottom of the 2nd over - 0 run(s), 1 hit(s), 0 error(s), 1 left on base; Syracuse 1 - Put-In-Bay 0
TOP OF THE 3RD
Syracuse Storm batting - Pitching for Put-In-Bay BC : LHP Chiel Abspoel
Batting: LHB José Trejo 0-0: Ball
1-0: DOUBLE (Line Drive, 8LXD) - OUT at third base trying to stretch hit.
Batting: LHB Phil MacNamara 0-0: Called Strike
0-1: Called Strike
0-2: Ball
1-2: Fly out, F8 (Flyball, 8RD)
Batting: RHB Jerry Bowen 0-0: Swinging Strike
0-1: Foul Ball, location: 2F
0-2: Ball
1-2: Ball
2-2: SINGLE (Line Drive, 7LS)
Batting: SHB Lúcio Gonzáles 0-0: Foul Ball, location: 2F
0-1: Swinging Strike
0-2: Fielders Choice at 2nd, 4-6 (Groundball, 4)
Top of the 3rd over - 0 run(s), 2 hit(s), 0 error(s), 0 left on base; Syracuse 1 - Put-In-Bay 0
BOTTOM OF THE 3RD
Put-In-Bay BC batting - Pitching for Syracuse Storm : RHP Ryan Dull
Batting: RHB Angus Watts 0-0: Called Strike
0-1: Foul Ball, location: 2F
0-2: Fly out, F9 (Flyball, 9S)
Batting: RHB Steve Koch 0-0: Ball
1-0: Foul Ball, location: 2F
1-1: Ball
2-1: Foul Ball, location: 2F
2-2: Fly out, F7 (Flyball, 7)
Batting: RHB Peter Heard 0-0: Fly out, F1 (Line Drive, 13)
Bottom of the 3rd over - 0 run(s), 0 hit(s), 0 error(s), 0 left on base; Syracuse 1 - Put-In-Bay 0
TOP OF THE 4TH
Syracuse Storm batting - Pitching for Put-In-Bay BC : LHP Chiel Abspoel
Batting: LHB Ricardo Ríos 0-0: Called Strike
0-1: Ball
1-1: Swinging Strike
1-2: Strikes out swinging
Batting: RHB Tyrell Wellick 0-0: Ball
1-0: Foul Ball, location: 2F
1-1: Foul Ball, location: 2F
1-2: Foul Ball, location: 2F
1-2: Ball
2-2: Foul Ball, location: 2F
2-2: SINGLE (Flyball, 3D)
Batting: LHB William Duffy 0-0: Ball
1-0: Swinging Strike
1-1: Called Strike
1-2: Strikes out swinging
Batting: RHB Phil Sherman 0-0: Foul Ball, location: 2F
0-1: Ball
1-1: Ball
2-1: Ball
3-1: Called Strike
3-2: Base on Balls
Tyrell Wellick to second
Batting: RHB Vito Middendorf 0-0: Called Strike
0-1: Swinging Strike
0-2: Foul Ball, location: 2F
0-2: Foul Ball, location: 2F
0-2: Ball
1-2: Ball
2-2: SINGLE (Flyball, 7S)
Tyrell Wellick to third
Phil Sherman to second
Batting: LHB José Trejo 0-0: SINGLE (Flyball, 8LS)
Tyrell Wellick scores
Phil Sherman to third
Vito Middendorf to second
Runner from 3rd tries for Home, SAFE, no throw
Batting: LHB Phil MacNamara 0-0: Swinging Strike
0-1: Foul Ball, location: 2F
0-2: Ball
1-2: Fielders Choice at 2nd, 6-4 (Groundball, 6)
Top of the 4th over - 2 run(s), 3 hit(s), 0 error(s), 1 left on base; Syracuse 3 - Put-In-Bay 0
BOTTOM OF THE 4TH
Put-In-Bay BC batting - Pitching for Syracuse Storm : RHP Ryan Dull
Batting: SHB Raul Cate 0-0: Called Strike
0-1: Foul Ball, location: 2F
0-2: Ball
1-2: Fly out, F8 (Flyball, 8RS)
Batting: RHB Lou Lumsden 0-0: Reached on error, E4 (Groundball, 4M)
Batting: LHB Francisco Alfaro 0-0: Foul Ball, location: 2F
0-1: Ball
1-1: Ball
2-1: Fly out, F9 (Line Drive, 9)
Batting: RHB Manuel Rosales 0-0: Ball
1-0: Swinging Strike
1-1: Ball
2-1: Ball
3-1: Foul Ball, location: 2F
3-2: Ground out 6-3 (Groundball, 6)
Bottom of the 4th over - 0 run(s), 0 hit(s), 1 error(s), 1 left on base; Syracuse 3 - Put-In-Bay 0
TOP OF THE 5TH
Syracuse Storm batting - Pitching for Put-In-Bay BC : LHP Chiel Abspoel
Batting: RHB Jerry Bowen 0-0: Swinging Strike
0-1: Ball
1-1: Ground out 6-3 (Groundball, 56)
Batting: SHB Lúcio Gonzáles 0-0: Foul Ball, location: 2F
0-1: Ball
1-1: Fly out, F9 (Flyball, 89M)
Batting: LHB Ricardo Ríos 0-0: Ball
1-0: Foul Ball, location: 2F
1-1: Foul Ball, location: 2F
1-2: Foul Ball, location: 2F
1-2: Strikes out swinging
Top of the 5th over - 0 run(s), 0 hit(s), 0 error(s), 0 left on base; Syracuse 3 - Put-In-Bay 0
BOTTOM OF THE 5TH
Put-In-Bay BC batting - Pitching for Syracuse Storm : RHP Ryan Dull
Batting: RHB Ryan French 0-0: Fly out, F8 (Flyball, 8RS)
Batting: LHB Tural Bishara 0-0: Called Strike
0-1: Ground out 6-3 (Groundball, 6)
Batting: RHB Angus Watts 0-0: Hit by Pitch
Batting: RHB Steve Koch 0-0: Ball
1-0: Ball
2-0: Foul Ball, location: 2F
2-1: Foul Ball, location: 2F
2-2: SINGLE (Line Drive, 56)
Angus Watts to second
Batting: RHB Peter Heard 0-0: Fly out, F7 (Flyball, 78D)
Bottom of the 5th over - 0 run(s), 1 hit(s), 0 error(s), 2 left on base; Syracuse 3 - Put-In-Bay 0
TOP OF THE 6TH
Syracuse Storm batting - Pitching for Put-In-Bay BC : LHP Chiel Abspoel
Batting: RHB Tyrell Wellick 0-0: Called Strike
0-1: SINGLE (Groundball, 6MD)
Pitching: LHP Bill Edmonds
Batting: LHB William Duffy 0-0: Sac Bunt - play at first, batter OUT! 5-3
Tyrell Wellick to second
Batting: RHB Phil Sherman 0-0: Foul Ball, location: 2F
0-1: Called Strike
0-2: Ball
1-2: Ground out 4-3 (Groundball, 4)
Tyrell Wellick to third
Batting: RHB Vito Middendorf 0-0: Swinging Strike
0-1: Ball
1-1: Foul Ball, location: 2F
1-2: Fly out, F4 (Line Drive, 4MD)
Top of the 6th over - 0 run(s), 1 hit(s), 0 error(s), 1 left on base; Syracuse 3 - Put-In-Bay 0
BOTTOM OF THE 6TH
Put-In-Bay BC batting - Pitching for Syracuse Storm : RHP Ryan Dull
Batting: SHB Raul Cate 0-0: Ball
1-0: Ball
2-0: Ground out 2-3 (Groundball, 2R)
Batting: RHB Lou Lumsden 0-0: SOLO HOME RUN (Flyball, 9D), Distance : 380 ft
Batting: LHB Francisco Alfaro 0-0: Ball
1-0: Called Strike
1-1: Ball
2-1: Foul Ball, location: 2F
2-2: Foul Ball, location: 2F
2-2: Ball
3-2: Base on Balls
Batting: RHB Manuel Rosales 0-0: SINGLE (Line Drive, 4D)
Francisco Alfaro to second
Batting: RHB Ryan French 0-0: Grounds into double play, 4-6-3 (Groundball, 4)
Bottom of the 6th over - 1 run(s), 2 hit(s), 0 error(s), 1 left on base; Syracuse 3 - Put-In-Bay 1
TOP OF THE 7TH
Syracuse Storm batting - Pitching for Put-In-Bay BC : LHP Bill Edmonds
Batting: LHB José Trejo 0-0: Ball
1-0: Ball
2-0: Foul Ball, location: 2F
2-1: Ground out 4-3 (Groundball, 4)
Batting: LHB Phil MacNamara 0-0: Ball
1-0: Swinging Strike
1-1: Ball
2-1: Foul Ball, location: 2F
2-2: Strikes out swinging
Batting: RHB Jerry Bowen 0-0: Ball
1-0: Called Strike
1-1: Ball
2-1: Ball
3-1: Foul Ball, location: 2F
3-2: Foul Ball, location: 2F
3-2: Base on Balls
Batting: SHB Lúcio Gonzáles 0-0: Ball
1-0: Ball
2-0: Ball
3-0: Called Strike
3-1: Ground out 6-3 (Groundball, 6)
Top of the 7th over - 0 run(s), 0 hit(s), 0 error(s), 1 left on base; Syracuse 3 - Put-In-Bay 1
BOTTOM OF THE 7TH
Put-In-Bay BC batting - Pitching for Syracuse Storm : RHP Ryan Dull
Batting: LHB Tural Bishara 0-0: Swinging Strike
0-1: Ball
1-1: Swinging Strike
1-2: Foul Ball, location: 2F
1-2: Strikes out swinging
Batting: RHB Angus Watts 0-0: Foul Ball, location: 2F
0-1: Ball
1-1: Called Strike
1-2: SINGLE (Line Drive, 8RS)
Batting: RHB Steve Koch 0-0: SINGLE (Groundball, 6D)
Angus Watts to second
Pinch Hitting: SHB Norm Singletary 0-0: Hit by Pitch
Angus Watts to third
Steve Koch to second
Pinch Runner at 1st Edwin Berns:
Batting: SHB Raul Cate 0-0: Ball
1-0: Called Strike
1-1: Foul Ball, location: 2F
1-2: Ball
2-2: Strikes out swinging
Batting: RHB Lou Lumsden 0-0: GRAND SLAM HOME RUN (Flyball, 78XD), Distance : 406 ft
Batting: LHB Francisco Alfaro 0-0: Ball
1-0: Ball
2-0: Called Strike
2-1: Foul Ball, location: 2F
2-2: Ball
3-2: Base on Balls
Batting: RHB Manuel Rosales 0-0: Ball
1-0: Ball
2-0: SINGLE (Line Drive, 56)
Francisco Alfaro to second
Batting: RHB Ryan French 0-0: 3-RUN HOME RUN (Flyball, 9D), Distance : 386 ft
Pitching: RHP Rich McLean
Batting: LHB Tural Bishara 0-0: Called Strike
0-1: Swinging Strike
0-2: Reached via error on a dropped throw, E1
Batting: RHB Angus Watts 0-0: Ball
1-0: Swinging Strike
1-1: Ball
2-1: Fielders Choice at 2nd, 4-6 (Groundball, 4)
Bottom of the 7th over - 7 run(s), 5 hit(s), 1 error(s), 0 left on base; Syracuse 3 - Put-In-Bay 8
TOP OF THE 8TH
Syracuse Storm batting - Pitching for Put-In-Bay BC : LHP Bill Edmonds
Now in LF: Júlio Pérez
Batting: LHB Ricardo Ríos 0-0: Foul Ball, location: 2F
0-1: Foul Ball, location: 2F
0-2: Strikes out swinging
Batting: RHB Tyrell Wellick 0-0: Ball
1-0: Swinging Strike
1-1: Hit by Pitch
Pinch Runner at 1st Jim Unknown:
Batting: LHB William Duffy 0-0: Ball
1-0: Called Strike
1-1: Ball
2-1: Fly out, F8 (Flyball, 8LM)
Batting: RHB Phil Sherman 0-0: Called Strike
0-1: Ball
1-1: Ball
2-1: SINGLE (Groundball, 56D)
Jim Unknown to second
Pitching: RHP Garrett Harrington
Batting: RHB Vito Middendorf 0-0: Called Strike
0-1: Ball
1-1: Fly out, F9 (Flyball, 9LSF)
Top of the 8th over - 0 run(s), 1 hit(s), 0 error(s), 2 left on base; Syracuse 3 - Put-In-Bay 8
BOTTOM OF THE 8TH
Put-In-Bay BC batting - Pitching for Syracuse Storm : RHP Rich McLean
Now in CF: Jim Unknown
Batting: RHB Steve Koch 0-0: Ball
1-0: Called Strike
1-1: Ball
2-1: Foul Ball, location: 2F
2-2: SINGLE (Flyball, 9S)
Batting: SHB Júlio Pérez 0-0: Ball
1-0: Called Strike
1-1: Ball
2-1: Foul Ball, location: 2F
2-2: Strikes out swinging
Batting: SHB Raul Cate 0-0: Swinging Strike
0-1: Ball
1-1: Ball
Steve Koch steals 2nd base
2-1: Ball
3-1: Called Strike
3-2: Foul Ball, location: 2F
3-2: Foul Ball, location: 2F
3-2: SINGLE (Line Drive, 4MD)
Steve Koch to third
Runner from 3rd tries for Home, SAFE, no throw
Batting: RHB Lou Lumsden 0-0: Ball
1-0: Ball
2-0: Foul Ball, location: 2F
2-1: Ball
3-1: Base on Balls
Raul Cate to second
Batting: LHB Francisco Alfaro 0-0: SINGLE (Flyball, 7S)
Raul Cate to third
Lou Lumsden to second
Runner from 3rd tries for Home, SAFE, no throw
Batting: RHB Manuel Rosales 0-0: Ball
1-0: Ball
2-0: Grounds into double play, 5-4-3 (Groundball, 56)
Bottom of the 8th over - 2 run(s), 3 hit(s), 0 error(s), 1 left on base; Syracuse 3 - Put-In-Bay 10
TOP OF THE 9TH
Syracuse Storm batting - Pitching for Put-In-Bay BC : RHP Garrett Harrington
Batting: LHB José Trejo 0-0: Ball
1-0: Ball
2-0: Foul Ball, location: 2F
2-1: Ball
3-1: Swinging Strike
3-2: Base on Balls
Batting: LHB Phil MacNamara 0-0: Ball
1-0: Ball
2-0: Foul Ball, location: 2F
2-1: Swinging Strike
2-2: Ball
3-2: Base on Balls
José Trejo to second
Batting: RHB Jerry Bowen 0-0: Called Strike
0-1: Ball
1-1: Ball
2-1: Ball
3-1: SINGLE (Groundball, 56D)
José Trejo to third
Phil MacNamara to second
Batting: SHB Lúcio Gonzáles 0-0: Called Strike
0-1: Ground out 3-1 (Groundball, 34S)
José Trejo scores
Phil MacNamara to third
Jerry Bowen to second
Batting: LHB Ricardo Ríos 0-0: Fly out, F8 (Flyball, 78S)
Runner from 3rd tags up, SCORES, no throw
Batting: SHB Jim Unknown 0-0: Ball
1-0: Ball
2-0: Fly out, F6 (Line Drive, 6M)
Top of the 9th over - 2 run(s), 1 hit(s), 0 error(s), 1 left on base; Syracuse 5 - Put-In-Bay 10
Monday, March 20th, 2017 - OOTP Baseball 17.12 Build 75